Map: 地龙岛-天梯版

Players

Lambo - Winner!

  • Race: Zerg Zerg
  • Spawn Location: 11:00

TIME (Oliveira)

  • Race: Terran Terran
  • Spawn Location: 5:00

Event: WCS Montreal 2018

VOD

Have the link to the VOD?

Description

Time

  • Played on: Sept. 7, 2018, 7:40 p.m.
  • Length: 11:11

All games in this series

Show
View Real Time Build Order
Export as new Build Order

Lambo Zerg - Winner!

Build Orders: Pool First, Swarm Host 

Get SALT Encoding   

  12  0:00  Drone  
  13  0:12  Overlord  
  13  0:16  Drone  
  14  0:31  Drone x2  
  16  0:47  Drone x2  
  16  0:48  Spawning Pool  
  17  0:56  Drone  
  18  1:17  Hatchery  
  17  1:22  Extractor  
  16  1:27  Drone  
  17  1:34  Queen  
  17  1:35  Zergling x2  
  17  1:39  Drone  
  21  1:45  Overlord  
  21  1:50  Drone  
  22  2:03  Drone  
  23  2:10  Queen  
  23  2:12  Drone  
  26  2:21  Drone  
  27  2:31  Hatchery, Drone  
  27  2:36  Metabolic Boost  
  27  2:43  Drone x2  
  29  2:47  Drone  
  29  2:50  Overlord  
  30  2:52  Drone  
  30  2:54  Drone  
  30  2:57  Drone  
  33  3:04  Drone x2  
  35  3:10  Queen  
  36  3:13  Drone x2  
  36  3:18  Drone x2  
  40  3:20  Overlord  
  40  3:22  Drone  
  40  3:25  Drone  
  42  3:31  Queen  
  44  3:40  Zergling x4  
  46  3:46  Zergling x4  
  46  3:47  Zergling x2  
  46  3:48  Queen  
  49  3:50  Queen  
  49  3:51  Overlord  
  49  3:55  Drone x2  
  55  3:58  Drone x2  
  55  4:01  Overlord  
  57  4:05  Zergling x2  
  57  4:09  Drone  
  60  4:10  Drone  
  60  4:15  Spore Crawler  
  60  4:16  Drone  
  60  4:17  Overlord  
  60  4:19  Drone x2  
  60  4:23  Spore Crawler  
  62  4:24  Drone  
  62  4:25  Drone x3  
  62  4:28  Queen  
  68  4:32  Baneling Nest  
  68  4:35  Zergling x6  
  68  4:37  Overlord  
  70  4:38  Zergling x2  
  70  4:45  Extractor, Lair  
  71  4:46  Extractor  
  71  4:47  Zergling x4  
  70  4:55  Drone x2  
  70  4:57  Drone x3  
  72  5:00  Drone  
  72  5:01  Drone x2  
  72  5:05  Drone x2  
  72  5:06  Drone  
  78  5:10  Drone x3  
  78  5:11  Drone  
  82  5:16  Drone  
  81  5:28  Spore Crawler  
  81  5:29  Spore Crawler, Drone  
  81  5:33  Overlord  
  81  5:35  Overlord  
  81  5:37  Extractor x2  
  81  5:41  Overlord  
  81  5:42  Drone x2  
  81  5:44  Overlord  
  81  5:45  Hatchery, Drone  
  81  5:47  Overlord  
  81  5:52  Drone x2  
  81  5:53  Drone  
  81  5:55  Zergling x6  
  87  6:00  Drone x3  
  87  6:01  Baneling x8  
  87  6:02  Baneling x2  
  87  6:04  Drone x2  
  92  6:10  Drone  
  91  6:16  Drone x4  
  87  6:20  Drone x4  
  87  6:23  Drone  
  90  6:25  Drone  
  90  6:32  Extractor  
  90  6:33  Spire  
  90  6:35  Drone x2  
  90  6:36  Drone  
  90  6:38  Zergling x6  
  94  6:43  Zergling x2  
  93  6:49  Hydralisk Den  
  93  6:50  Infestation Pit  
  93  6:52  Drone x2  
  92  6:58  Extractor, Zergling x2  
  92  6:59  Zergling x10  
  92  7:00  Drone  
  98  7:02  Extractor  
  98  7:04  Centrifical Hooks, Drone x3  
  101  7:08  Drone x4  
  101  7:09  Drone x2  
  101  7:12  Drone  
  101  7:15  Spine Crawler  
  106  7:22  Hydralisk x2  
  106  7:23  Zergling x4  
  106  7:25  Pneumatized Carapace  
  112  7:33  Overlord, Grooved Spines  
  113  7:37  Overlord  
  113  7:38  Hydralisk x5  
  113  7:39  Overlord  
  113  7:42  Overlord  
  123  7:44  Drone x3  
  123  7:48  Overlord  
  126  7:51  Overlord  
  126  7:54  Overlord  
  126  7:56  Baneling x3  
  126  7:57  Evolution Chamber x2  
  124  7:58  Hatchery  
  123  8:09  Spine Crawler  
  122  8:13  Swarm Host  
  122  8:14  Swarm Host x9  
  150  8:21  Swarm Host x3  
  150  8:26  Swarm Host x2  
  159  8:30  Zerg Missile Weapons Level 1  
  159  8:31  Zerg Melee Weapons Level 1  
  159  8:32  Swarm Host  
  168  8:35  Swarm Host  
  171  8:41  Swarm Host  
  171  8:42  Hydralisk x2  
  171  8:43  Zergling x12  
  171  8:44  Muscular Augments  
  171  8:48  Spine Crawler  
  183  8:52  Overlord  
  183  8:54  Baneling x7, Overlord  
  181  9:03  Overlord  
  181  9:05  Overlord  
  181  9:09  Baneling  
  181  9:10  Baneling x14  
  181  9:12  Hydralisk  
  181  9:15  Hydralisk  
  181  9:16  Zergling x24  
  196  9:22  Baneling  
  193  9:30  Hydralisk x6  
  200  9:31  Zergling x4  
  194  9:38  Hydralisk x2  
  194  9:42  Zergling x6, Hydralisk x2  
  194  9:44  Zergling x2, Hydralisk  
  193  9:54  Baneling x8, Zergling x10  
  193  9:59  Baneling x5  
  197  10:03  Hydralisk  
  199  10:09  Baneling x6  
  196  10:15  Hydralisk x2  
  196  10:16  Zergling x4  
  196  10:18  Hydralisk  
  197  10:21  Hydralisk  
  197  10:23  Zergling x6  
  197  10:26  Zergling x14  
  197  10:28  Hydralisk x2  
  195  10:29  Zergling x2  
  195  10:33  Baneling x7  
  199  10:38  Spore Crawler, Drone x2  
  199  10:39  Spine Crawler  
  199  10:46  Drone  
  200  10:50  Baneling x7  
Show
View Real Time Build Order
Export as new Build Order

TIME Terran 

Build Orders: Reaper Expand, Mech 

Get SALT Encoding   

  12  0:00  SCV  
  13  0:13  SCV  
  14  0:18  Supply Depot  
  14  0:25  SCV  
  15  0:42  Barracks  
  15  0:49  Refinery, SCV  
  16  0:56  Refinery  
  16  1:01  SCV  
  17  1:07  Barracks  
  16  1:13  SCV  
  17  1:25  SCV  
  18  1:38  SCV  
  19  1:54  Reaper  
  19  1:55  Orbital Command  
  20  2:11  Command Center  
  20  2:22  Factory  
  20  2:26  SCV  
  21  2:31  Barracks Reactor  
  21  2:34  Supply Depot  
  21  2:38  SCV  
  22  2:50  SCV  
  23  3:02  SCV  
  24  3:11  Starport  
  24  3:14  SCV  
  24  3:15  Hellion x2  
  29  3:24  Supply Depot  
  29  3:27  Barracks Tech Lab, SCV  
  30  3:41  SCV  
  31  3:46  Hellion x2  
  31  3:47  Medivac  
  31  3:48  Orbital Command  
  37  3:53  SCV  
  38  3:55  Marine  
  39  4:03  Liberator  
  39  4:05  SCV  
  39  4:08  Hellion x2  
  44  4:15  SCV  
  45  4:17  SCV  
  49  4:27  Supply Depot, SCV  
  54  4:31  Hellion x2  
  54  4:44  Supply Depot  
  54  4:49  SCV x2  
  54  4:52  Cyclone x2  
  58  5:01  SCV x2  
  58  5:05  Armory  
  59  5:11  Command Center  
  59  5:13  SCV x2  
  61  5:24  Hellion  
  61  5:25  Refinery, SCV, Hellion  
  61  5:26  Refinery  
  66  5:28  SCV  
  66  5:33  Supply Depot  
  67  5:40  SCV  
  67  5:41  SCV  
  69  5:52  SCV, Terran Vehicle Weapons Level 1  
  69  5:55  Hellion x2  
  74  5:57  SCV  
  75  6:05  SCV  
  75  6:07  Starport Reactor  
  75  6:09  Factory x2  
  71  6:16  Hellion  
  71  6:21  Hellion  
  71  6:23  SCV  
  71  6:24  Orbital Command  
  71  6:25  SCV  
  64  6:36  Barracks Tech Lab  
  64  6:37  Hellion  
  66  6:42  Hellion  
  66  6:45  SCV  
  66  6:46  SCV  
  62  6:49  Orbital Command, Medivac x2  
  66  6:57  Siege Tank, SCV  
  66  7:01  SCV, Factory  
  71  7:04  Armory  
  71  7:05  Factory  
  71  7:07  Refinery  
  71  7:08  Supply Depot  
  71  7:09  Refinery, SCV, Hellion x2  
  71  7:11  Siege Tank  
  71  7:13  SCV  
  80  7:15  SCV  
  80  7:21  SCV, Viking x2  
  86  7:25  SCV  
  86  7:29  SCV  
  88  7:33  Siege Tank  
  88  7:34  Hellion x2  
  88  7:36  SCV  
  96  7:37  SCV  
  96  7:39  Supply Depot  
  96  7:41  SCV  
  98  7:48  Factory Reactor, SCV  
  98  7:49  SCV, Factory Tech Lab  
  100  7:51  Supply Depot x2  
  100  7:56  SCV  
  101  8:01  Hellion x2, Viking  
  101  8:04  Supply Depot  
  101  8:05  Terran Vehicle Weapons Level 2  
  107  8:13  Siege Tank  
  107  8:14  Siege Tank  
  107  8:15  SCV  
  107  8:16  SCV  
  112  8:22  Siege Tank  
  112  8:24  SCV  
  112  8:26  Hellion x2  
  120  8:27  Command Center, Hellion x2  
  120  8:30  Hellion  
  120  8:31  Viking  
  120  8:33  Viking  
  126  8:35  Hellion  
  126  8:36  SCV  
  126  8:39  Terran Vehicle And Ship Armor Level 1  
  126  8:40  SCV  
  130  8:41  SCV  
  131  8:52  Infernal Pre-Igniter  
  131  8:57  Supply Depot  
  131  8:59  Supply Depot  
  131  9:02  Hellion  
  132  9:11  Hellion  
  129  9:17  Thor  
  129  9:19  Thor  
  129  9:20  Thor  
  145  9:30  SCV  
  131  9:33  Hellion x3  
  131  9:37  SCV  
  123  9:42  SCV  
  123  9:43  SCV  
  104  9:46  Hellion  
  104  9:49  SCV  
  107  9:54  SCV  
  107  9:55  SCV  
  107  9:58  Hellion x2  
  109  10:00  Thor  
  109  10:01  SCV  
  109  10:05  Siege Tank x2  
  109  10:06  SCV  
  123  10:09  Hellion  
  123  10:11  SCV, Hellion  
  128  10:21  SCV  
  108  10:23  SCV x2  
  108  10:24  Hellion x2  
  99  10:31  Hellion  
  99  10:33  SCV  
  102  10:37  Siege Tank x2, SCV x2  
  102  10:41  Orbital Command  
  110  10:45  Hellion  
  110  10:48  Hellion  
  110  10:49  SCV  
  118  10:50  SCV  
  118  10:52  SCV  
Tags
 
Add a new tag
Caveats
  • Supply blocks, unpowered buildings, or Contaminate may cause inaccurate times.
  • Supply counts are checked every 10 seconds.